 Dungeon Crawl Stone Soup version 0.31.0-11-ge490571c62 (webtiles) character file.

Game seed: 12086734360485217083

35102 wingedge the Geomancer (level 13, -8/107 HPs)
             Began as a Demigod Earth Elementalist on Jan 30, 2024.
             Shot with an arrow by Nessos (18 damage)
             ... on level 4 of the Lair of Beasts on Jan 31, 2024.
             The game lasted 00:50:12 (20068 turns).

wingedge the Geomancer (DgEE)                      Turns: 20068, Time: 00:50:13

Health: -8/107     AC: 11    Str: 13    XL:     13   Next: 15%
Magic:  1/40       EV: 12    Int: 29    God:
Gold:   617        SH:  5    Dex: 14    Spells: 18/31 levels left

rFire   . . .        a - +2 short sword "Uwar" {protect, rElec rC++}
rCold   + + .        B - +0 buckler
rNeg    . . .        Y - +0 swamp dragon scales
rPois   +            A - +0 helmet
rElec   +            S - +0 cloak
rCorr   .            (no gloves)
SInv    .            (no boots)
Will    ++...        (no amulet)
Stlth   ++           k - ring of willpower
HPRegen 0.37/turn    P - ring of magical power
MPRegen 0.27/turn

%: no passive effects
@: no status effects
A: high MP 1, forlorn, divine attributes
a: no special abilities


You were on level 4 of the Lair of Beasts.
You visited 2 branches of the dungeon, and saw 14 of its levels.
You also visited: Sewer and Bailey.

You collected 812 gold pieces.
You spent 195 gold pieces at shops.

Inventory:

Hand Weapons
 a - the +2 short sword "Uwar" (weapon) {protect, rElec rC++}
   (You took it off a wight on level 8 of the Dungeon)

   rC++:      It greatly protects you from cold.
   rElec:     It insulates you from electricity.
 b - a +1 war axe of electrocution
 f - a +2 short sword of venom
 R - a +0 long sword of flaming
 T - the +6 shortbow "Nimauj" {freeze, Dex+3}
   (You found it on level 2 of the Lair of Beasts)

   Dex+3:     It affects your dexterity (+3).
 V - a +2 rapier of draining
Missiles
 y - 7 javelins
 Q - 3 throwing nets
Armour
 A - a +0 helmet (worn)
 B - a +0 buckler (worn)
 D - a +2 robe of willpower
 S - a +0 cloak (worn)
 W - the +1 leather armour of the Moon {rF+}
   (You found it on level 2 of the Lair of Beasts)

   rF+:       It protects you from fire.
 Y - +0 swamp dragon scales (worn)
Magical Staves
 o - a staff of conjuration
Jewellery
 k - a ring of willpower (left hand)
 p - a +6 ring of dexterity
 P - a ring of magical power (right hand)
 Z - a ring of protection from fire
Wands
 E - a wand of paralysis (9)
 I - a wand of roots (20)
 J - a wand of flame (39)
 M - a wand of polymorph (2)
Scrolls
 d - 7 scrolls of teleportation
 g - 2 scrolls of vulnerability
 h - a scroll of fear {unknown}
 i - a scroll of silence
 l - 4 scrolls of immolation
 m - 4 scrolls of enchant armour
 n - 2 scrolls of amnesia {unknown}
 z - 5 scrolls of noise
 C - a scroll of poison {unknown}
 G - 3 scrolls of fog {unknown}
 H - 2 scrolls of torment
 K - a scroll of blinking
 L - 2 scrolls of summoning {unknown}
 N - a scroll of acquirement {unknown}
 U - a scroll of enchant weapon {unknown}
Potions
 c - 2 potions of ambrosia {unknown}
 e - 3 potions of lignification
 j - 9 potions of brilliance
 q - a potion of degeneration {unknown}
 r - 3 potions of curing
 s - 3 potions of heal wounds {unknown}
 t - a potion of mutation {unknown}
 u - 4 potions of haste {unknown}
 v - 2 potions of magic
 w - a potion of attraction
 x - 2 potions of invisibility {unknown}
 O - a potion of resistance {unknown}
 X - a potion of berserk rage {unknown}


   Skills:
 - Level 8.0 Fighting
 + Level 6.0 Armour
 - Level 5.0 Dodging
 - Level 4.0 Stealth
 - Level 5.0 Shields
 + Level 9.5 Spellcasting
 + Level 8.1 Conjurations
 + Level 11.1 Earth Magic
 - Level 5.0 Alchemy


You had 18 spell levels left.
You knew the following spells:

 Your Spells              Type           Power      Damage    Failure   Level
a - Sandblast             Erth           100%       2d20      1%          1
b - Stone Arrow           Conj/Erth      100%       3d13      1%          3
c - Lee's Rapid Deconstr  Erth           34%        3d17*     3%          5
d - Petrify               Alch/Erth      57%        N/A       3%          4

Your spell library contained the following spells:

 Spells                   Type           Power      Damage    Failure   Level
 Sting                    Conj/Alch      100%       1d9       1%          1
 Passwall                 Erth           68%        N/A       1%          3
 Brom's Barrelling Bould  Conj/Erth      63%        2d8       1%          4
 Leda's Liquefaction      Alch/Erth      28%        N/A       3%          4
 Hailstorm                Conj/Ice       37%        3d9       6%          3
 Apportation              Tloc           26%        N/A       11%         1
 Freeze                   Ice            52%        1d6       11%         1
 Necrotise                Necr           52%        1d6       11%         1
 Summon Small Mammal      Summ           52%        N/A       11%         1
 Animate Armour           Summ/Erth      92%        N/A       11%         4
 Frozen Ramparts          Ice            26%        1d4       30%         3
 Gell's Gravitas          Tloc           13%        N/A       30%         3
 Summon Ice Beast         Ice/Summ       13%        N/A       30%         3
 Teleport Other           Tloc           13%        N/A       30%         3
 Bombard                  Conj/Erth      31%        9d6       30%         6
 Sculpt Simulacrum        Ice/Alch       14%        N/A       99%         6
 Dispersal                Tloc           6%         N/A       100%        6
 Lehudib's Crystal Spear  Conj/Erth      31%        10d8      100%        8


Dungeon Overview and Level Annotations

Branches:
Dungeon (9/15)             Temple (0/1) D:4            Lair (5/5) D:9
  Swamp (0/4) Lair:2       Spider (0/4) Lair:3        Sewer (visited)
 Bailey (visited)
  Slime: Lair:4-5       Orc: D:9-12

Shops:
D:2 [   D:3 !?   D:4 *   D:7 ?   D:8 *

Annotations:
D:6 3 runed translucent doors, DeathSocks's ghost, amateur VSBr; howech's ghost, amateur MiBe; turdburglar's ghost, novice DsGl
Lair:3 1 runed translucent door, AutarchDCSS's ghost, journeyman BaHs
Lair:4 Nessos


Innate Abilities, Weirdness & Mutations

You have an increased reservoir of magic. (+10% MP)
You shall have no god before yourself.
Your divine heritage dramatically boosts your attributes as you level up.


Message History

Casting: Stone Arrow (safe; 1% risk of failure)
Confirm with . or Enter, or press ? or * to list all spells.
Aiming: Stone Arrow (safe; 1% risk of failure)
Press: ? - help, Shift-Dir - straight line, f/p - Nessos
Aim: Nessos, wielding a +2 longbow of flaming and wearing a +0 barding (severely wounded, fast, petrified, 100% to hit)
The stone arrow hits Nessos!
Nessos is almost dead.
Okay, then.
Aiming: Fastroot
Press: ? - help, Shift-Dir - straight line, f/p - Nessos
Aim: Nessos, wielding a +2 longbow of flaming and wearing a +0 barding (almost dead, fast, petrified)
The roots erupt in riotous growth!
Roots grab Nessos.
The grasping roots constrict Nessos.
The grasping roots constrict Nessos.
The roots release their grip on Nessos.
Nessos is no longer petrified.
Nessos intently looks at you, slowly moving their tail.
Nessos mumbles some strange words.
Nessos blinks!
Nessos shoots an arrow.
The arrow hits you!! The arrow burns you!
Aiming: Fastroot
Press: ? - help, Shift-Dir - straight line, f/p - Nessos
Aim: Nessos, wielding a +2 longbow of flaming and wearing a +0 barding (almost dead, fast)
The roots erupt in riotous growth!
Roots grab Nessos.
The grasping roots constrict Nessos, but do no damage.
Nessos shoots an arrow.
The arrow hits you!
* * * LOW HITPOINT WARNING * * *
The arrow burns you.
* * * LOW HITPOINT WARNING * * *
Nessos shoots an arrow.
The arrow hits you!
* * * LOW HITPOINT WARNING * * *
The arrow burns you.
* * * LOW HITPOINT WARNING * * *
Aiming: Paralyse
Press: ? - help, Shift-Dir - straight line, f/p - Nessos
Aim: Nessos, wielding a +2 longbow of flaming and wearing a +0 barding (almost dead, fast, constricted by roots, chance to affect: 49%) Nessos resists with some effort.
The grasping roots constrict Nessos.
Nessos shoots an arrow.
The arrow hits you!!
You die...

...#...........P.#....
....#........##..###....
.....##.......##........
........................
........................
............c...........
........................
............##..##......
.......@.†.#.######.....
##+##.§.....## ##....
###....## #..... #.....#
##...# ..+...... #...#
..#.....### #...#
(###.....# ##....
##....# #P...# ...
#######P....


You could see Nessos (fast, rooted).

Vanquished Creatures
  2 vault guards (Bailey)
  A hydra (Lair:3)
  A boulder beetle (Lair:4)
  Urug (Lair:4)
  2 skysharks
  A swamp dragon (Lair:2)
  4 oklob plants (Lair:3)
  5 elephants (Lair:3)
  3 black mambas
  3 torpor snails (Lair:3)
  8 cane toads
  11 komodo dragons
  A rime drake (Lair:1)
  A hornet (D:9)
  Prince Ribbit (Bailey)
  8 blink frogs
  7 dream sheep (Lair:4)
  A wyvern (Lair:5)
  A basilisk (Lair:1)
  A wraith (D:9)
  59 yaks
  A warg (D:9)
  A steam dragon (D:8)
  4 humans (Bailey)
  Edmund (D:6)
  8 water moccasins
  A swamp drake (Lair:2)
  3 orc warriors
  2 black bears
  16 wolves
  A centaur (D:7)
  2 phantoms
  26 bullfrogs
  2 kobold brigands
  2 gnoll sergeants
  3 scorpions (D:5)
  20 wights
  4 killer bees (D:8)
  2 howler monkeys (D:9)
  3 hounds
  3 jellies (Sewer)
  A bombardier beetle (D:3)
  3 orc priests
  2 sleepcaps
  4 iguanas
  4 orc wizards (D:9)
  4 hell rats (Lair:4)
  13 gnolls
  9 adders
  A shadow imp (D:7)
  A white imp (D:5)
  2 ufetubi (D:5)
  4 ribbon worms
  2 dart slugs (D:1)
  23 orcs
  9 ball pythons
  10 bats
  18 endoplasms
  6 giant cockroaches
  11 goblins
  6 hobgoblins
  3 jackals (D:2)
  15 kobolds
  6 quokkas
  12 frilled lizards
  10 rats
406 creatures vanquished.

Notes
Turn   | Place    | Note
-------+----------+-------------------------------------------
     0 | D:1      | wingedge the Demigod Earth Elementalist began the quest for
                  | the Orb.
     0 | D:1      | Reached XP level 1. HP: 14/14 MP: 5/5
   105 | D:1      | Reached skill level 3 in Earth Magic
   330 | D:1      | Reached XP level 2. HP: 20/20 MP: 5/7
  1043 | D:2      | Reached XP level 3. HP: 26/26 MP: 5/8
  1097 | D:2      | Learned a level 3 spell: Stone Arrow
  1126 | D:2      | Reached skill level 4 in Earth Magic
  1150 | D:2      | Reached skill level 1 in Conjurations
  1717 | D:2      | Found Ynoloalua's Armour Boutique.
  1873 | D:3      | Found Yqedgh's Distillery.
  1944 | D:3      | Reached XP level 4. HP: 33/33 MP: 7/10
  2217 | D:3      | Bought 2 potions of curing for 72 gold pieces
  2241 | D:3      | Reached XP level 5. HP: 38/38 MP: 2/12
  2518 | D:3      | Found Raagaide's Magic Scroll Shoppe.
  3331 | D:4      | Found a staircase to the Ecumenical Temple.
  3377 | D:4      | Found Nuemyi's Serpentskin Sales.
  3533 | D:4      | Found a glowing drain.
  3537 | Sewer    | Entered a sewer
  3669 | Sewer    | Reached XP level 6. HP: 45/45 MP: 9/13
  3866 | Sewer    | Identified the +1 robe "Zug Sati" {Str+2}
  4274 | D:4      | Reached skill level 1 in Fighting
  4564 | D:5      | Entered Level 5 of the Dungeon
  4797 | D:5      | Reached skill level 5 in Earth Magic
  4797 | D:5      | Reached XP level 7. HP: 55/55 MP: 1/14
  4900 | D:5      | Learned a level 5 spell: Lee's Rapid Deconstruction
  5323 | D:6      | Noticed Edmund
  5323 | D:6      | Found a runed translucent gate.
  5323 | D:6      | Found a runed translucent gate.
  5360 | D:6      | Reached skill level 1 in Shields
  5838 | D:6      | Found a runed translucent gate.
  5848 | D:6      | Killed Edmund
  5849 | D:6      | Reached skill level 5 in Conjurations
  5971 | D:6      | Noticed turdburglar's ghost (novice DsGl)
  5971 | D:6      | Noticed howech's ghost (amateur MiBe)
  5972 | D:6      | Noticed DeathSocks's ghost (amateur VSBr)
  6224 | D:6      | Reached XP level 8. HP: 51/63 MP: 0/16
  6882 | D:7      | Reached skill level 6 in Earth Magic
  7123 | D:7      | Found Vinaf's Magic Scroll Shop.
  7380 | D:7      | Bought a scroll of identify for 26 gold pieces
  7380 | D:7      | Bought a scroll of blinking for 97 gold pieces
  7732 | D:8      | Reached skill level 5 in Spellcasting
  7935 | D:8      | Found Cemerec's General Store.
  8033 | D:8      | Found a flagged portal.
  8148 | Bailey   | Entered a bailey
  8189 | Bailey   | Reached XP level 9. HP: 47/72 MP: 3/20
  8305 | Bailey   | Reached skill level 7 in Earth Magic
  8329 | Bailey   | Reached skill level 1 in Armour
  8767 | Bailey   | Reached skill level 5 in Fighting
  8865 | Bailey   | Noticed Prince Ribbit
  8866 | Bailey   | Noticed a vault guard
  8869 | Bailey   | Killed Prince Ribbit
  8875 | Bailey   | Killed a vault guard
  9011 | Bailey   | Noticed a vault guard
  9127 | Bailey   | Killed a vault guard
  9128 | Bailey   | Reached XP level 10. HP: 71/81 MP: 17/23
  9575 | D:8      | Reached skill level 8 in Earth Magic
  9577 | D:8      | Identified the +2 short sword "Uwar" {protect, rElec rC++}
 10796 | D:9      | Found a staircase to the Lair.
 11142 | D:9      | Reached skill level 9 in Earth Magic
 11416 | D:9      | Paralysed by a hornet for 1 turns
 12273 | Lair:1   | Entered Level 1 of the Lair of Beasts
 12600 | Lair:1   | Learned a level 4 spell: Petrify
 12615 | Lair:1   | Reached XP level 11. HP: 89/89 MP: 13/26
 12796 | Lair:1   | Reached skill level 1 in Alchemy
 13637 | Lair:1   | Reached skill level 5 in Dodging
 13637 | Lair:1   | Reached skill level 5 in Shields
 14043 | Lair:2   | Identified the +6 shortbow "Nimauj" {freeze, Dex+3}
 14337 | Lair:2   | Identified the +1 leather armour of the Moon {rF+}
 14460 | Lair:2   | Found a staircase to the Swamp.
 14460 | Lair:2   | Noticed a swamp dragon
 14519 | Lair:2   | Killed a swamp dragon
 15187 | Lair:3   | Reached skill level 10 in Earth Magic
 15433 | Lair:3   | Found a runed translucent door.
 15434 | Lair:3   | Noticed AutarchDCSS's ghost (journeyman BaHs)
 15434 | Lair:3   | Noticed a +0 flail of chaos
 15438 | Lair:3   | Reached XP level 12. HP: 100/100 MP: 27/28
 17009 | Lair:3   | Found a hole to the Spider Nest.
 17703 | Lair:3   | Noticed an eight-headed hydra
 17738 | Lair:3   | Killed an eight-headed hydra
 18147 | Lair:4   | Noticed a boulder beetle
 18312 | Lair:4   | Killed a boulder beetle
 18313 | Lair:4   | Reached skill level 5 in Armour
 18313 | Lair:4   | Reached skill level 5 in Alchemy
 18969 | Lair:4   | Noticed Urug
 18996 | Lair:4   | Killed Urug
 19320 | Lair:4   | You fall into a shaft and drop 1 floor!
 19320 | Lair:5   | Entered Level 5 of the Lair of Beasts
 19335 | Lair:5   | Reached XP level 13. HP: 107/107 MP: 21/30
 19554 | Lair:5   | Reached skill level 11 in Earth Magic
 20050 | Lair:4   | Noticed Nessos
 20068 | Lair:4   | Shot with an arrow by Nessos

Illustrated notes

Levels and vault maps discovered:
D:1:      erik_arrival_blinker_ship, layout_loops_corners, serial_aquarium,
          aquarium_bridge_long_joined [aquarium_subvault_balcony,
          aquarium_subvault_bridge, aquarium_subvault_window,
          aquarium_subvault_wall, aquarium_subvault_window,
          aquarium_subvault_bridge], aquarium_window_fake, aquarium_window_fake,
          aquarium_view_2f, aquarium_view_2e, aquarium_pool_split
D:2:      layout_basic, basic_altar, serial_bayou, serial_bayou_shore_b,
          serial_bayou_lagoon_a, serial_bayou_pond_d, serial_bayou_ford_a,
          serial_shops, nicolae_shop_back_alley_shop,
          shapermc_ecumenical_altar_mp_highgroup
D:3:      layout_basic, eat_drink_and_be_merry_uskayaw, serial_shops,
          nicolae_shop_waterfront, nicolae_shop_rolled_up
D:4:      layout_basic, lemuel_tele_altar, minmay_temple_entry_stoned_glass,
          mainiacjoe_sewer_entry_somewhere_in_here_2, serial_bayou_pond_b,
          guppyfry_shop_venom
D:5:      layout_rooms, kennysheep_small_circle
D:6:      layout_basic, gammafunk_ghost_cemetery, uniq_edmund
D:7:      layout_loops_cross, nicolae_overflow_two_pavilions, serial_shops,
          nicolae_shop_peninsula, dk_rats_in_the_wall
D:8:      layout_loops_ring, mainiacjoe_overflow_tiny_flanked, enter_bailey_3,
          serial_shops, nicolae_shop_tiny_statue_garden
D:9:      wander_river, layout_basic, kennysheep_ying_yang,
          nicolae_dithmenos_through_a_glass_darkly,
          mainiacjoe_overflow_concentric_impassable, erik_lair_orcish_takeover
Lair:1:   layout_chaotic_city, lemuel_fruit_fields, grunt_megastairs_4
Lair:2:   layout_misc_corridors, mainiacjoe_swamp_entry_lozenge_pond,
          lemuel_fruit_tree
Lair:3:   layout_loops_ring, spider_nest_entry_web_field, ebering_ghost_xom,
          st_stairs_13, dpeg_oklob_1
Lair:4:   layout_regular_city, dpeg_slime_entry_enclosed, grunt_megastairs_5,
          uniq_urug, uniq_nessos
Lair:5:   grunt_lair_end_beastmaster, layout_regular_city,
          gammafunk_ghost_grave, serial_bayou_pond_b

Skill      XL: |  1  2  3  4  5  6  7  8  9 10 11 12 13 |
---------------+----------------------------------------+-----
Earth Magic    | 3 4 5 6 7 9 10 11 | 11.1
Conjurations   | 1 2 3 4 5 6 7 8 |  8.1
Spellcasting   | 2 3 5 6 7 8 9 |  9.5
Stealth        | 2 3 4 |  4.0
Dodging        | 2 3 4 5 |  5.0
Fighting       | 2 3 4 5 6 7 8 |  8.0
Shields        | 2 4 5 |  5.0
Armour         | 2 3 5 6 |  6.0
Alchemy        | 3 5 |  5.0

Action                     |  1- 3 |  4- 6 |  7- 9 | 10-12 | 13-15 || total
---------------------------+-------+-------+-------+-------+-------++-------
  Melee: Whip              |     1 |       |     2 |       |       ||     3
         Hand axe          |       |       |     3 |       |       ||     3
         Short sword       |       |       |    56 |   182 |       ||   238
         Scimitar          |       |       |    14 |       |       ||    14
         War axe           |       |       |       |    14 |       ||    14
  Throw: Throwing net      |       |       |     3 |       |       ||     3
         Dart              |       |       |     1 |       |       ||     1
   Cast: Sandblast         |    62 |    98 |    12 |       |       ||   172
         Stone Arrow       |       |    19 |   110 |   385 |    36 ||   550
         Lee's Rapid Decon |       |       |       |    30 |     2 ||    32
         Petrify           |       |       |       |    10 |     1 ||    11
  Evoke: Wand              |       |       |     1 |       |     3 ||     4
    Use: Scroll            |       |     2 |     5 |     4 |       ||    11
         Potion            |       |       |     6 |     4 |       ||    10
 Armour: Robe              |    13 |    12 |    81 |   113 |       ||   219
         Skin              |       |       |    31 |       |       ||    31
         Swamp dragon scal |       |       |       |   109 |    13 ||   122
  Dodge: Dodged            |    13 |    11 |    86 |   195 |     5 ||   310
  Block: Buckler           |       |       |    49 |    69 |     6 ||   124
